 Dungeon Crawl Stone Soup version 0.30-a0-760-g5a9884bb7c (webtiles) character file.

Game seed: 699293950461595148

37 Esekla the Sneak (level 3, -3/19 HPs)
             Began as a Vine Stalker Delver on Feb 11, 2023.
             Slain by a white imp (5 damage)
             ... on level 5 of the Dungeon.
             The game lasted 00:05:37 (224 turns).

Esekla the Sneak (Vine Stalker Delver)               Turns: 224, Time: 00:05:38

Health: -3/19      AC:  3    Str: 14    XL:     3   Next: 39%
Magic:  0/5        EV: 11    Int: 12    God:
Gold:   20         SH:  0    Dex: 15    Spells: 3/3 levels left

rFire   . . .      SeeInvis .    a - +0 falchion
rCold   . . .      Faith    .    (no shield)
rNeg    . . .      Spirit   +    b - +0 leather armour
rPois   .          Reflect  .    (no helmet)
rElec   .          Harm     .    (no cloak)
rCorr   .          Rampage  .    (no gloves)
Will    .....                    (no boots)
Stlth   +++                      (no amulet)
HPRegen 0.23/turn                (no ring)
MPRegen 0.09/turn                (no ring)

@: hasted (expiring), very quick
A: fangs 2, magic shield, antimagic bite, no potion heal 2
a: no special abilities


You were on level 5 of the Dungeon.
You visited 1 branch of the dungeon, and saw 1 of its levels.

You collected 20 gold pieces.

Inventory:

Hand Weapons
 a - a +0 falchion (weapon)
Armour
 b - a +0 leather armour (worn)
Wands
 g - a wand of digging (3)
Scrolls
 c - a scroll of fog
 d - a scroll of identify {unknown}


   Skills:
 * Level 2.9 Fighting
 * Level 2.0 Long Blades
 + Level 0.1 Armour
 + Level 1.6 Dodging
 + Level 6.6 Stealth
 * Level 0.9 Spellcasting


You had 3 spell levels left.
You didn't know any spells.
Your spell library was empty.

Dungeon Overview and Level Annotations

Branches:
Dungeon (5/15)
 Temple: D:4-7

Altars:
Ashenzari

Shops:
D:5 *[=


Innate Abilities, Weirdness & Mutations

You have extremely sharp teeth.
When hurt, damage is shared between your health and your magic reserves.
Your bite disrupts and absorbs the magic of your enemies.
Potions cannot restore your health.


Message History

The hound barks!
You bite the white imp, but do no damage.
The white imp closely misses you. The hound closely misses you.
You hit the hound.
The hound is heavily wounded.
The hound closely misses you.
You barely miss the hound. Your bite misses the hound.
The hound is heavily wounded.
The hound closely misses you. The hound barely misses you.
You barely miss the hound.
The hound is heavily wounded.
The hound bites you but does no damage.
You slash the hound!
The hound is almost dead.
The hound bites you but does no damage.
The white imp picks up a beetle and eats it.
You hit the hound but do no damage. You bite the hound.
You kill the hound!
The white imp gestures at you. The puff of frost misses you.
Your Long Blades skill increases to level 2!
You have reached level 3!
Your experience leads to an increase in your attributes!
Increase (S)trength, (I)ntelligence, or (D)exterity?
You feel clever. x2
The white imp misses you.
You see here a hound corpse.
You hit the white imp.
The white imp is lightly wounded.
You hit the white imp but do no damage. Your bite misses the white imp.
The white imp is lightly wounded.
Your extra speed is starting to run out.
The white imp closely misses you.
You hit the white imp.
The white imp is lightly wounded.
The white imp hits you.
* * * LOW HITPOINT WARNING * * *
The white imp freezes you.
You die...

*,,,,,,* ###..## *,.,,,,*
###.W...## *,..,,,* #.W.#.#..##
*,...,,* ###.#.#.....# *
*#####.....,* ####.._..#.#...# *
,,..........###....#.###.##..#***
,,.o....##......##...# #.###.#*..
,,,...,........####### #.# #W##.#
,,,...,.......W5@...#**#.#*#.##.#
#**#.#.#.#.....####...##$.*#W##.#
## #.#...#.....# **#..##.##.##.#
.###....##.....#* *#......F#...
..#..#.##...#...### ###.........
..#....##...##....# ##........
..#...###....##.#.# #...###'#
....#####...<.....* ######~s.~
............#*#...######....#~#.#


You could see a phantom and a white imp.

Vanquished Creatures
  A hound (D:5)
  An adder (D:5)
2 creatures vanquished.

Notes
Turn   | Place    | Note
-------+----------+-------------------------------------------
     0 | D:5      | Esekla the Vine Stalker Delver began the quest for the Orb.
     0 | D:5      | Reached XP level 1. HP: 11/11 MP: 2/2
    21 | D:5      | Noticed a hound
    52 | D:5      | Noticed a jelly
    72 | D:5      | Reached XP level 2. HP: 7/16 MP: 3/3
   126 | D:5      | Noticed a scorpion
   127 | D:5      | Found Ymmoz's Antique Armour Emporium.
   148 | D:5      | Found Veumpuvo's Jewellery Shop.
   160 | D:5      | Noticed a bullfrog
   179 | D:5      | Noticed a phantom
   202 | D:5      | Found a broken altar of Ashenzari.
   221 | D:5      | Reached XP level 3. HP: 4/19 MP: 1/5
   224 | D:5      | Slain by a white imp

Illustrated notes

Levels and vault maps discovered:
D:5:      layout_rooms, chequers_temple_overflow_statue_of_worship,
          mainiacjoe_overflow_alcove_1, ashenzari_altar_1, serial_shops,
          nicolae_shop_trees, kennysheep_little_box, nicolae_stop_n_shop_2,
          uniq_eustachio

Skill      XL: |  1  2 |
---------------+-------+-----
Long Blades    | 2 |  2.0
Fighting       | |  2.9
Armour         | |  0.1
Dodging        | |  1.6
Stealth        | |  6.6
Spellcasting   | |  0.9

Action                     || total
---------------------------++-------
  Melee: Falchion          ||    18
         Bite              ||     3
    Use: Scroll            ||     3
         Potion            ||     1
 Armour: Leather armour    ||     7
  Dodge: Dodged            ||    18

Table legend: (Time is in decaauts)
 A = Elapsed time spent in this place.
 B = Non-inter-level travel time spent in this place.
 C = Inter-level travel time spent in this place.
 D = Time resting spent in this place.
 E = Time spent auto-exploring this place.
 F = Levels seen in this place.
 G = Mean time per level.
                   A        B        C        D        E       F      G
               +--------+--------+--------+--------+--------+-----+--------+
         Total |    214 |    214 |      0 |     58 |      0 |   1 |  214.0 |
       Dungeon |    214 |    214 |      0 |     58 |      0 |   1 |  214.0 |
               +--------+--------+--------+--------+--------+-----+--------+

Top non-repeatable levels by time:
     D:5: 214 daAuts
